Flyers vs Canadiens

Created - March 18 2007 at 12:51

Goals
1 2 3 OT1 SO T
Flyers 0 2 1 0 2 4
Canadiens 0 2 1 0 1 3
Shots
1 2 3 OT1 SO T
Flyers 5 12 8 0 3 25
Canadiens 11 12 6 1 3 30

Period #1

No Goal

Penalities :
Mike Rathje (PHI) for Clipping (Minor) at 2:18, Denis Gauthier (PHI) for Roughing (Minor) at 9:02, Denis Gauthier (PHI) for High sticking (Minor) at 12:36, Shane Doan (MTL) for Boarding (Minor) at 17:24

Period #2

1. Flyers , Marc-Andre Bergeron 4 (Mike Knuble, Michal Handzus) at 1:57 (PP)
2. Flyers , Dan Hamhuis 8 (Randy Robitaille, Geoff Sanderson) at 12:55
3. Canadiens , Daniel Sedin 20 (Sheldon Souray, Craig Rivet) at 14:58 (PK)
4. Canadiens , Sergei Samsonov 19 (Francis Bouillon, Mathieu Dandenault) at 17:16

Penalities :
Shane Doan (MTL) for Checking from behind (Major) at 0:25, Mathieu Schneider (MTL) for Checking from behind (Major) at 7:33, Shane Doan (MTL) for Cross-checking (Minor) at 14:43, Pavel Kubina (PHI) for Slashing (Minor) at 19:47

Period #3

5. Canadiens , Olli Jokinen 14 (Daniel Sedin, Andrei Markov) at 7:30
6. Flyers , Randy Robitaille 4 (R.J. Umberger) at 16:26

Penalities :
Denis Gauthier (PHI) for Roughing (Minor) at 3:03, Craig Rivet (MTL) for High sticking (Minor) at 9:26, Alexei Yashin (PHI) for Kneeing (Major) at 17:29

Overtime #1

No Goal

Penalities :
No Penalty

Shootout

Penalty Shot by Simon Gagne for Flyers - Goal!
Penalty Shot by Olli Jokinen for Canadiens - Stopped by Robert Esche
Penalty Shot by Mike Knuble for Flyers - Stopped by Roberto Luongo
Penalty Shot by Shane Doan for Canadiens - Goal!
Penalty Shot by Alexei Yashin for Flyers - Goal!
Penalty Shot by Henrik Sedin for Canadiens - Shot Misses the Net

Penalities :
No Penalty

Goalie Stats

Robert Esche (PHI), 27 saves from 30 shots - (0.900), W, 23-20-7, 65:00 minutes
Roberto Luongo (MTL), 22 saves from 25 shots - (0.880), OTL, 18-26-4, 65:00 minutes

Players Stats

Flyers
Player Name              G  A  P  +/- PIM S  H  SB FO MP 
-----------------------------------------------------------
Alexei Yashin            0  0  0  -2  5   2  0  0  22 22 
Dan Hamhuis              1  0  1   2  0   1  0  0  0  17 
Darcy Tucker             0  0  0  -1  0   1  1  0  1  13 
Denis Gauthier           0  0  0  -1  6   0  1  1  0  18 
Freddy Meyer             0  0  0   0  0   0  0  0  0  0  
Geoff Sanderson          0  1  1   1  0   1  0  0  2  12 
J.P. Dumont              0  0  0   1  0   3  1  0  0  17 
Marc-Andre Bergeron      1  0  1   0  0   5  0  1  0  22 
Michal Handzus           0  1  1   0  0   1  0  0  18 24 
Mike Knuble              0  1  1  -1  0   2  0  0  3  20 
Mike Rathje              0  0  0  -2  2   1  2  6  0  24 
Pavel Kubina             0  0  0  -2  2   0  0  2  0  16 
Peter Forsberg           0  0  0  -1  0   2  0  0  19 24 
R.J. Umberger            0  1  1   1  0   2  0  1  9  13 
Randy Robitaille         1  1  2   1  0   1  0  0  1  15 
Simon Gagne              0  0  0  -1  0   1  1  1  0  21 
Tomas Holmstrom          0  0  0  -1  0   1  0  0  3  23 
Tomas Kaberle            0  0  0   1  0   1  0  0  0  21 
Canadiens
Player Name              G  A  P  +/- PIM S  H  SB FO MP 
-----------------------------------------------------------
Andrei Markov            0  1  1   0  0   0  0  2  0  25 
Christopher Higgins      0  0  0  -1  0   1  0  0  0  8  
Craig Rivet              0  1  1   1  2   1  0  0  0  24 
Daniel Sedin             1  1  2   2  0   5  0  0  1  25 
Dave Scatchard           0  0  0  -1  0   1  1  1  6  5  
Francis Bouillon         0  1  1   0  0   0  0  2  0  18 
Henrik Sedin             0  0  0   1  0   5  0  0  28 26 
Janne Niinimaa           0  0  0   0  0   0  0  0  0  2  
Martin Gelinas           0  0  0   0  0   1  1  0  0  17 
Mathieu Dandenault       0  1  1   0  0   2  0  2  0  13 
Mathieu Schneider        0  0  0   0  5   1  1  1  0  23 
Michael Ryder            0  0  0   0  0   1  0  0  1  16 
Mike Johnson             0  0  0  -1  0   3  1  0  1  15 
Olli Jokinen             1  0  1   1  0   3  0  0  26 25 
Sergei Samsonov          1  0  1   0  0   4  2  1  1  13 
Shane Doan               0  0  0   1  9   0  1  0  2  21 
Sheldon Souray           0  1  1   1  0   0  0  0  0  25 
Steve Reinprecht         0  0  0   0  0   2  0  1  12 19 

3 Stars

1 - Daniel Sedin (MTL)
2 - Randy Robitaille (PHI)
3 - Dan Hamhuis (PHI)

Power Play

Flyers - 1 on 6 Attempt(s) - 16.67%
Canadiens - 0 on 5 Attempt(s) - 0.00%

Penalty Kill

Flyers - 5 on 5 Attempt(s) - 100.00% - Score 0 goal in Penalty Kill
Canadiens - 5 on 6 Attempt(s) - 83.33% - Score 1 goal in Penalty Kill

Game Notes

No Game Note

Finance

Level 1 -- Attendance: 4633 (66.18%) -- Ticket Income $463,300.00
Level 2 -- Attendance: 3499 (58.32%) -- Ticket Income $209,940.00
Level 3 -- Attendance: 2317 (72.82%) -- Ticket Income $81,095.00
Level 4 -- Attendance: 3744 (89.14%) -- Ticket Income $74,880.00
Luxury Box -- Attendance: 874 (69.91%) -- Ticket Income $174,800.00
Game was played at the Bell Centre
Total Attendance: 15067 (69.65%)
Total Ticket Income: $1,080,735.00
Other Income: $114,467.60
Total Income: $1,195,203.00


Play by Play

Period #1

0:01 of 1st period - Peter Forsberg wins face-off versus Olli Jokinen in neutral zone.
0:12 of 1st period - Shot by Peter Forsberg.
0:12 of 1st period - Shot Misses the Net.
0:16 of 1st period - Icing by Mathieu Schneider.
0:17 of 1st period - Alexei Yashin wins face-off versus Olli Jokinen in Canadiens zone.
0:24 of 1st period - Shot by Daniel Sedin.
0:24 of 1st period - Shot Misses the Net.
1:12 of 1st period - Off-side.
1:13 of 1st period - Michal Handzus wins face-off versus Steve Reinprecht in neutral zone.
1:18 of 1st period - Shot by Geoff Sanderson.
1:18 of 1st period - Shot Blocked by Francis Bouillon.
1:23 of 1st period - Shot by Michal Handzus.
1:23 of 1st period - Stopped by Roberto Luongo without a rebound.
1:24 of 1st period - Henrik Sedin wins face-off versus Peter Forsberg in Canadiens zone.
2:18 of 1st period - Minor Penalty to Mike Rathje for Clipping.
2:19 of 1st period - Olli Jokinen wins face-off versus Michal Handzus in neutral zone.
4:22 of 1st period - Shot by Sergei Samsonov.
4:22 of 1st period - Shot Blocked by Mike Rathje.
4:23 of 1st period - Shot by Sergei Samsonov.
4:23 of 1st period - Shot Misses the Net.
4:46 of 1st period - Shot by Steve Reinprecht.
4:46 of 1st period - Shot Misses the Net.
4:49 of 1st period - Shot by Sergei Samsonov.
4:49 of 1st period - Stopped by Robert Esche without a rebound.
4:50 of 1st period - Alexei Yashin wins face-off versus Olli Jokinen in Flyers zone.
5:05 of 1st period - Shot by Daniel Sedin.
5:05 of 1st period - Shot Blocked by Mike Rathje.
5:08 of 1st period - Shot by Daniel Sedin.
5:08 of 1st period - Shot Misses the Net.
5:09 of 1st period - Shot by Daniel Sedin.
5:09 of 1st period - Shot Blocked by Mike Rathje.
5:10 of 1st period - Shot by Shane Doan.
5:10 of 1st period - Shot Misses the Net.
5:21 of 1st period - Shot by Mike Knuble.
5:21 of 1st period - Stopped by Roberto Luongo with a rebound.
5:30 of 1st period - Shot by Daniel Sedin.
5:30 of 1st period - Shot Blocked by Pavel Kubina.
5:31 of 1st period - Shot by Andrei Markov.
5:31 of 1st period - Shot Misses the Net.
5:56 of 1st period - Shot by Peter Forsberg.
5:56 of 1st period - Shot Misses the Net.
5:57 of 1st period - Shot by Tomas Kaberle.
5:57 of 1st period - Shot Misses the Net.
6:04 of 1st period - Shot by Simon Gagne.
6:04 of 1st period - Shot Misses the Net.
6:05 of 1st period - Shot by Marc-Andre Bergeron.
6:05 of 1st period - Stopped by Roberto Luongo without a rebound.
6:06 of 1st period - Geoff Sanderson wins face-off versus Dave Scatchard in Canadiens zone.
6:17 of 1st period - Shot by Mike Johnson.
6:17 of 1st period - Stopped by Robert Esche without a rebound.
6:18 of 1st period - Steve Reinprecht wins face-off versus Michal Handzus in Flyers zone.
6:37 of 1st period - Shot by Tomas Holmstrom.
6:37 of 1st period - Shot Misses the Net.
6:40 of 1st period - Shot by Tomas Holmstrom.
6:40 of 1st period - Shot Misses the Net.
6:41 of 1st period - Shot by Denis Gauthier.
6:41 of 1st period - Shot Misses the Net.
6:42 of 1st period - Shot by Tomas Kaberle.
6:42 of 1st period - Stopped by Roberto Luongo without a rebound.
6:43 of 1st period - Peter Forsberg wins face-off versus Olli Jokinen in Canadiens zone.
7:27 of 1st period - Off-side.
7:28 of 1st period - Henrik Sedin wins face-off versus Alexei Yashin in neutral zone.
7:43 of 1st period - Shot by Henrik Sedin.
7:43 of 1st period - Stopped by Robert Esche with a rebound.
7:44 of 1st period - Shot by Martin Gelinas.
7:44 of 1st period - Stopped by Robert Esche without a rebound.
7:45 of 1st period - Steve Reinprecht wins face-off versus R.J. Umberger in Flyers zone.
7:46 of 1st period - Shot by Mike Johnson.
7:46 of 1st period - Shot Misses the Net.
7:49 of 1st period - Shot by Sergei Samsonov.
7:49 of 1st period - Shot Hit the Post.
7:52 of 1st period - Shot by Steve Reinprecht.
7:52 of 1st period - Shot Misses the Net.
7:53 of 1st period - Shot by Francis Bouillon.
7:53 of 1st period - Shot Misses the Net.
7:54 of 1st period - Shot by Steve Reinprecht.
7:54 of 1st period - Shot Blocked by R.J. Umberger.
7:55 of 1st period - Shot by Mathieu Dandenault.
7:55 of 1st period - Shot Blocked by Mike Rathje.
7:56 of 1st period - Shot by Mathieu Dandenault.
7:56 of 1st period - Stopped by Robert Esche with a rebound.
8:05 of 1st period - Shot by Sergei Samsonov.
8:05 of 1st period - Shot Misses the Net.
8:10 of 1st period - Shot by Sergei Samsonov.
8:10 of 1st period - Shot Misses the Net.
8:49 of 1st period - Shot by Martin Gelinas.
8:49 of 1st period - Shot Misses the Net.
9:01 of 1st period - Icing by Martin Gelinas.
9:02 of 1st period - Henrik Sedin wins face-off versus Michal Handzus in Canadiens zone.
9:02 of 1st period - Minor Penalty to Denis Gauthier for Roughing.
9:03 of 1st period - Olli Jokinen wins face-off versus Peter Forsberg in Canadiens zone.
10:02 of 1st period - Shot by Michael Ryder.
10:02 of 1st period - Stopped by Robert Esche with a rebound.
10:07 of 1st period - Shot by Henrik Sedin.
10:07 of 1st period - Shot Misses the Net.
10:17 of 1st period - Icing by Craig Rivet.
10:18 of 1st period - Michal Handzus wins face-off versus Henrik Sedin in Canadiens zone.
11:18 of 1st period - Alexei Yashin is hit by Sergei Samsonov and loses puck.
11:42 of 1st period - Shot by Sergei Samsonov.
11:42 of 1st period - Stopped by Robert Esche without a rebound.
11:43 of 1st period - Olli Jokinen wins face-off versus Michal Handzus in Flyers zone.
11:50 of 1st period - Shot by Alexei Yashin.
11:50 of 1st period - Shot Blocked by Andrei Markov.
11:51 of 1st period - Shot by Tomas Holmstrom.
11:51 of 1st period - Shot Hit the Post.
11:52 of 1st period - Shot by Alexei Yashin.
11:52 of 1st period - Stopped by Roberto Luongo without a rebound.
11:53 of 1st period - Randy Robitaille wins face-off versus Olli Jokinen in Canadiens zone.
11:59 of 1st period - Randy Robitaille is hit by Shane Doan and loses puck.
12:36 of 1st period - Minor Penalty to Denis Gauthier for High sticking.
12:37 of 1st period - Henrik Sedin wins face-off versus Peter Forsberg in neutral zone.
13:02 of 1st period - Shot by Henrik Sedin.
13:02 of 1st period - Stopped by Robert Esche with a rebound.
13:05 of 1st period - Shot by Michael Ryder.
13:05 of 1st period - Shot Misses the Net.
13:06 of 1st period - Shot by Craig Rivet.
13:06 of 1st period - Stopped by Robert Esche with a rebound.
13:09 of 1st period - Shot by Martin Gelinas.
13:09 of 1st period - Shot Misses the Net.
14:34 of 1st period - Shot by Olli Jokinen.
14:34 of 1st period - Stopped by Robert Esche with a rebound.
14:40 of 1st period - J.P. Dumont is hit by Mike Johnson and loses puck.
15:23 of 1st period - Icing by Mathieu Dandenault.
15:24 of 1st period - Steve Reinprecht wins face-off versus Peter Forsberg in Canadiens zone.
16:14 of 1st period - Off-side.
16:15 of 1st period - Tomas Holmstrom wins face-off versus Henrik Sedin in neutral zone.
16:24 of 1st period - Shot by Michal Handzus.
16:24 of 1st period - Shot Misses the Net.
17:24 of 1st period - Minor Penalty to Shane Doan for Boarding.
17:25 of 1st period - Henrik Sedin wins face-off versus Alexei Yashin in neutral zone.
17:31 of 1st period - Icing by Alexei Yashin.
17:32 of 1st period - Henrik Sedin wins face-off versus Alexei Yashin in Flyers zone.
17:40 of 1st period - Icing by Peter Forsberg.
17:41 of 1st period - Olli Jokinen wins face-off versus Alexei Yashin in Flyers zone.
19:47 of 1st period - Off-side.
19:48 of 1st period - R.J. Umberger wins face-off versus Dave Scatchard in neutral zone.
19:50 of 1st period - Tomas Holmstrom is hit by Dave Scatchard and loses puck.
19:56 of 1st period - Shot by Christopher Higgins.
19:56 of 1st period - Stopped by Robert Esche with a rebound.
19:59 of 1st period - Shot by Dave Scatchard.
19:59 of 1st period - Shot Misses the Net.

Period #2

0:01 of 2nd period - Peter Forsberg wins face-off versus Daniel Sedin in neutral zone.
0:25 of 2nd period - Major Penalty to Shane Doan for Checking from behind.
0:26 of 2nd period - Henrik Sedin wins face-off versus Alexei Yashin in neutral zone.
0:31 of 2nd period - Shot by Henrik Sedin.
0:31 of 2nd period - Shot Blocked by Simon Gagne.
1:23 of 2nd period - Off-side.
1:24 of 2nd period - Mike Knuble wins face-off versus Olli Jokinen in neutral zone.
1:28 of 2nd period - Off-side.
1:29 of 2nd period - R.J. Umberger wins face-off versus Henrik Sedin in neutral zone.
1:50 of 2nd period - Shot by R.J. Umberger.
1:50 of 2nd period - Shot Misses the Net.
1:53 of 2nd period - Shot by Mike Knuble.
1:53 of 2nd period - Shot Blocked by Mathieu Schneider.
1:54 of 2nd period - Shot by Michal Handzus.
1:54 of 2nd period - Shot Misses the Net.
1:55 of 2nd period - Shot by Marc-Andre Bergeron.
1:55 of 2nd period - Stopped by Roberto Luongo with a rebound.
1:56 of 2nd period - Shot by Mike Knuble.
1:56 of 2nd period - Shot Blocked by Steve Reinprecht.
1:57 of 2nd period - Shot by Marc-Andre Bergeron.
1:57 of 2nd period - Goal by Marc-Andre Bergeron - Flyers : 1 - Canadiens : 0.
1:58 of 2nd period - Henrik Sedin wins face-off versus Alexei Yashin in neutral zone.
2:55 of 2nd period - Shot by Mike Knuble.
2:55 of 2nd period - Shot Misses the Net.
3:38 of 2nd period - Shot by Darcy Tucker.
3:38 of 2nd period - Shot Misses the Net.
4:13 of 2nd period - Shot by Mike Knuble.
4:13 of 2nd period - Shot Misses the Net.
6:54 of 2nd period - Shot by Peter Forsberg.
6:54 of 2nd period - Shot Misses the Net.
7:07 of 2nd period - Shot by Simon Gagne.
7:07 of 2nd period - Shot Misses the Net.
7:33 of 2nd period - Major Penalty to Mathieu Schneider for Checking from behind.
7:34 of 2nd period - Olli Jokinen wins face-off versus Alexei Yashin in Flyers zone.
7:57 of 2nd period - Shot by Randy Robitaille.
7:57 of 2nd period - Shot Misses the Net.
8:34 of 2nd period - Shot by Peter Forsberg.
8:34 of 2nd period - Shot Blocked by Andrei Markov.
8:35 of 2nd period - Shot by Marc-Andre Bergeron.
8:35 of 2nd period - Stopped by Roberto Luongo with a rebound.
8:38 of 2nd period - Shot by Peter Forsberg.
8:38 of 2nd period - Shot Misses the Net.
8:43 of 2nd period - Shot by Peter Forsberg.
8:43 of 2nd period - Stopped by Roberto Luongo without a rebound.
8:44 of 2nd period - Olli Jokinen wins face-off versus Mike Knuble in Canadiens zone.
10:17 of 2nd period - Shot by R.J. Umberger.
10:17 of 2nd period - Stopped by Roberto Luongo with a rebound.
10:22 of 2nd period - Shot by Randy Robitaille.
10:22 of 2nd period - Shot Blocked by Dave Scatchard.
10:23 of 2nd period - Shot by Michal Handzus.
10:23 of 2nd period - Shot Blocked by Francis Bouillon.
10:24 of 2nd period - Shot by Pavel Kubina.
10:24 of 2nd period - Shot Misses the Net.
10:29 of 2nd period - Shot by Pavel Kubina.
10:29 of 2nd period - Stopped by Roberto Luongo without a rebound.
10:30 of 2nd period - R.J. Umberger wins face-off versus Henrik Sedin in Canadiens zone.
11:10 of 2nd period - Icing by Darcy Tucker.
11:11 of 2nd period - Alexei Yashin wins face-off versus Olli Jokinen in Flyers zone.
11:32 of 2nd period - Shot by Peter Forsberg.
11:32 of 2nd period - Stopped by Roberto Luongo with a rebound.
12:42 of 2nd period - Randy Robitaille is hit by Sergei Samsonov and loses puck.
12:54 of 2nd period - Shot by Geoff Sanderson.
12:54 of 2nd period - Shot Misses the Net.
12:55 of 2nd period - Shot by Dan Hamhuis.
12:55 of 2nd period - Goal by Dan Hamhuis - Flyers : 2 - Canadiens : 0.
12:56 of 2nd period - Alexei Yashin wins face-off versus Dave Scatchard in neutral zone.
13:03 of 2nd period - Shot by J.P. Dumont.
13:03 of 2nd period - Stopped by Roberto Luongo without a rebound.
13:04 of 2nd period - Henrik Sedin wins face-off versus Peter Forsberg in Canadiens zone.
13:13 of 2nd period - Shot by Henrik Sedin.
13:13 of 2nd period - Shot Misses the Net.
13:17 of 2nd period - Icing by Peter Forsberg.
13:18 of 2nd period - Dave Scatchard wins face-off versus Peter Forsberg in Flyers zone.
13:54 of 2nd period - Icing by Marc-Andre Bergeron.
13:55 of 2nd period - Sergei Samsonov wins face-off versus Peter Forsberg in Flyers zone.
14:06 of 2nd period - Shot by Mike Johnson.
14:06 of 2nd period - Stopped by Robert Esche without a rebound.
14:07 of 2nd period - Alexei Yashin wins face-off versus Henrik Sedin in Flyers zone.
14:12 of 2nd period - Shot by Mike Knuble.
14:12 of 2nd period - Shot Misses the Net.
14:15 of 2nd period - Shot by Alexei Yashin.
14:15 of 2nd period - Shot Misses the Net.
14:18 of 2nd period - Shot by Mike Knuble.
14:18 of 2nd period - Stopped by Roberto Luongo without a rebound.
14:19 of 2nd period - Steve Reinprecht wins face-off versus Michal Handzus in Canadiens zone.
14:30 of 2nd period - Shot by Steve Reinprecht.
14:30 of 2nd period - Stopped by Robert Esche with a rebound.
14:32 of 2nd period - Icing by Denis Gauthier.
14:33 of 2nd period - Henrik Sedin wins face-off versus Michal Handzus in Flyers zone.
14:40 of 2nd period - Shot by Henrik Sedin.
14:40 of 2nd period - Stopped by Robert Esche without a rebound.
14:41 of 2nd period - Alexei Yashin wins face-off versus Olli Jokinen in Flyers zone.
14:43 of 2nd period - Minor Penalty to Shane Doan for Cross-checking.
14:44 of 2nd period - Olli Jokinen wins face-off versus Alexei Yashin in neutral zone.
14:53 of 2nd period - Shot by Henrik Sedin.
14:53 of 2nd period - Stopped by Robert Esche with a rebound.
14:56 of 2nd period - Shot by Daniel Sedin.
14:56 of 2nd period - Stopped by Robert Esche with a rebound.
14:57 of 2nd period - Shot by Sheldon Souray.
14:57 of 2nd period - Shot Blocked by Mike Rathje.
14:58 of 2nd period - Shot by Sheldon Souray.
14:58 of 2nd period - Goal by Daniel Sedin - Flyers : 2 - Canadiens : 1.
14:59 of 2nd period - Alexei Yashin wins face-off versus Olli Jokinen in neutral zone.
16:29 of 2nd period - Icing by Denis Gauthier.
16:30 of 2nd period - R.J. Umberger wins face-off versus Henrik Sedin in Flyers zone.
16:36 of 2nd period - Off-side.
16:37 of 2nd period - Olli Jokinen wins face-off versus Alexei Yashin in neutral zone.
16:37 of 2nd period - Andrei Markov is hit by Denis Gauthier and loses puck.
17:09 of 2nd period - Shot by Sergei Samsonov.
17:09 of 2nd period - Shot Blocked by Mike Rathje.
17:10 of 2nd period - Shot by Mathieu Dandenault.
17:10 of 2nd period - Stopped by Robert Esche with a rebound.
17:13 of 2nd period - Shot by Sergei Samsonov.
17:13 of 2nd period - Shot Misses the Net.
17:16 of 2nd period - Shot by Sergei Samsonov.
17:16 of 2nd period - Goal by Sergei Samsonov - Flyers : 2 - Canadiens : 2.
17:17 of 2nd period - Henrik Sedin wins face-off versus Michal Handzus in neutral zone.
17:23 of 2nd period - Icing by Tomas Kaberle.
17:24 of 2nd period - Olli Jokinen wins face-off versus Geoff Sanderson in Flyers zone.
17:33 of 2nd period - Shot by Daniel Sedin.
17:33 of 2nd period - Shot Misses the Net.
17:58 of 2nd period - Shot by Daniel Sedin.
17:58 of 2nd period - Stopped by Robert Esche without a rebound.
17:59 of 2nd period - Henrik Sedin wins face-off versus R.J. Umberger in Flyers zone.
18:07 of 2nd period - J.P. Dumont is hit by Martin Gelinas and loses puck.
18:19 of 2nd period - Shot by R.J. Umberger.
18:19 of 2nd period - Stopped by Roberto Luongo without a rebound.
18:20 of 2nd period - Peter Forsberg wins face-off versus Mike Johnson in Canadiens zone.
18:25 of 2nd period - Shot by Peter Forsberg.
18:25 of 2nd period - Shot Blocked by Sergei Samsonov.
18:50 of 2nd period - Shot by Mike Johnson.
18:50 of 2nd period - Stopped by Robert Esche without a rebound.
18:51 of 2nd period - Henrik Sedin wins face-off versus Darcy Tucker in Flyers zone.
19:10 of 2nd period - Shot by Alexei Yashin.
19:10 of 2nd period - Stopped by Roberto Luongo without a rebound.
19:11 of 2nd period - Olli Jokinen wins face-off versus Michal Handzus in Canadiens zone.
19:22 of 2nd period - Shot by Daniel Sedin.
19:22 of 2nd period - Shot Misses the Net.
19:25 of 2nd period - Shot by Daniel Sedin.
19:25 of 2nd period - Shot Misses the Net.
19:26 of 2nd period - Shot by Mathieu Schneider.
19:26 of 2nd period - Stopped by Robert Esche with a rebound.
19:29 of 2nd period - Shot by Olli Jokinen.
19:29 of 2nd period - Shot Misses the Net.
19:30 of 2nd period - Shot by Mathieu Schneider.
19:30 of 2nd period - Shot Blocked by Denis Gauthier.
19:33 of 2nd period - Shot by Daniel Sedin.
19:33 of 2nd period - Stopped by Robert Esche without a rebound.
19:34 of 2nd period - Henrik Sedin wins face-off versus Mike Knuble in Flyers zone.
19:42 of 2nd period - Martin Gelinas is hit by Mike Rathje and loses puck.
19:47 of 2nd period - Minor Penalty to Pavel Kubina for Slashing.
19:48 of 2nd period - Olli Jokinen wins face-off versus Tomas Holmstrom in Flyers zone.

Period #3

0:01 of 3rd period - Olli Jokinen wins face-off versus Michal Handzus in neutral zone.
1:58 of 3rd period - Shot by Steve Reinprecht.
1:58 of 3rd period - Shot Misses the Net.
2:00 of 3rd period - Icing by Tomas Kaberle.
2:01 of 3rd period - Alexei Yashin wins face-off versus Steve Reinprecht in Flyers zone.
2:45 of 3rd period - Icing by Pavel Kubina.
2:46 of 3rd period - Alexei Yashin wins face-off versus Olli Jokinen in Flyers zone.
3:02 of 3rd period - Andrei Markov is hit by Mike Rathje and loses puck.
3:03 of 3rd period - Minor Penalty to Denis Gauthier for Roughing.
3:04 of 3rd period - Peter Forsberg wins face-off versus Michael Ryder in Flyers zone.
3:27 of 3rd period - Shot by Michael Ryder.
3:27 of 3rd period - Shot Misses the Net.
3:30 of 3rd period - Shot by Michael Ryder.
3:30 of 3rd period - Shot Misses the Net.
3:35 of 3rd period - Shot by Craig Rivet.
3:35 of 3rd period - Shot Misses the Net.
5:08 of 3rd period - Shot by Steve Reinprecht.
5:08 of 3rd period - Stopped by Robert Esche with a rebound.
5:31 of 3rd period - Shot by Mike Knuble.
5:31 of 3rd period - Shot Misses the Net.
5:36 of 3rd period - Shot by Pavel Kubina.
5:36 of 3rd period - Shot Blocked by Mathieu Dandenault.
5:39 of 3rd period - Shot by Mike Knuble.
5:39 of 3rd period - Shot Blocked by Mathieu Dandenault.
7:30 of 3rd period - Shot by Olli Jokinen.
7:30 of 3rd period - Goal by Olli Jokinen - Flyers : 2 - Canadiens : 3.
7:31 of 3rd period - Alexei Yashin wins face-off versus Steve Reinprecht in neutral zone.
7:40 of 3rd period - Shot by Darcy Tucker.
7:40 of 3rd period - Stopped by Roberto Luongo with a rebound.
7:41 of 3rd period - Shot by Mike Rathje.
7:41 of 3rd period - Stopped by Roberto Luongo without a rebound.
7:42 of 3rd period - Peter Forsberg wins face-off versus Steve Reinprecht in Canadiens zone.
7:56 of 3rd period - Icing by Mathieu Dandenault.
7:57 of 3rd period - Steve Reinprecht wins face-off versus Alexei Yashin in Canadiens zone.
7:57 of 3rd period - Mathieu Dandenault is hit by Darcy Tucker and loses puck.
8:07 of 3rd period - Shot by Sergei Samsonov.
8:07 of 3rd period - Shot Misses the Net.
8:49 of 3rd period - Icing by Daniel Sedin.
8:50 of 3rd period - Olli Jokinen wins face-off versus Michal Handzus in Canadiens zone.
9:26 of 3rd period - Minor Penalty to Craig Rivet for High sticking.
9:27 of 3rd period - Henrik Sedin wins face-off versus Peter Forsberg in Flyers zone.
9:27 of 3rd period - Daniel Sedin is hit by Simon Gagne and loses puck.
9:35 of 3rd period - Shot by Mike Knuble.
9:35 of 3rd period - Shot Misses the Net.
10:20 of 3rd period - Shot by Alexei Yashin.
10:20 of 3rd period - Shot Misses the Net.
10:23 of 3rd period - Shot by Peter Forsberg.
10:23 of 3rd period - Shot Misses the Net.
10:26 of 3rd period - Shot by Peter Forsberg.
10:26 of 3rd period - Shot Hit the Post.
10:29 of 3rd period - Shot by Alexei Yashin.
10:29 of 3rd period - Stopped by Roberto Luongo without a rebound.
10:30 of 3rd period - Alexei Yashin wins face-off versus Henrik Sedin in Canadiens zone.
11:12 of 3rd period - Icing by Michal Handzus.
11:13 of 3rd period - Henrik Sedin wins face-off versus R.J. Umberger in Flyers zone.
11:44 of 3rd period - Shot by Geoff Sanderson.
11:44 of 3rd period - Shot Misses the Net.
12:02 of 3rd period - Icing by Mike Rathje.
12:03 of 3rd period - Henrik Sedin wins face-off versus R.J. Umberger in Flyers zone.
12:53 of 3rd period - Peter Forsberg is hit by Mathieu Schneider and loses puck.
12:55 of 3rd period - Shot by Marc-Andre Bergeron.
12:55 of 3rd period - Stopped by Roberto Luongo without a rebound.
12:56 of 3rd period - Dave Scatchard wins face-off versus Alexei Yashin in Canadiens zone.
13:17 of 3rd period - Shot by Mike Johnson.
13:17 of 3rd period - Shot Blocked by Pavel Kubina.
13:22 of 3rd period - Shot by Dave Scatchard.
13:22 of 3rd period - Shot Blocked by Marc-Andre Bergeron.
13:25 of 3rd period - Shot by Mike Johnson.
13:25 of 3rd period - Stopped by Robert Esche without a rebound.
13:26 of 3rd period - Michal Handzus wins face-off versus Steve Reinprecht in Flyers zone.
13:56 of 3rd period - Icing by Peter Forsberg.
13:57 of 3rd period - Henrik Sedin wins face-off versus Michal Handzus in Flyers zone.
14:30 of 3rd period - Shot by Randy Robitaille.
14:30 of 3rd period - Stopped by Roberto Luongo with a rebound.
15:17 of 3rd period - Shot by Olli Jokinen.
15:17 of 3rd period - Shot Misses the Net.
15:20 of 3rd period - Shot by Daniel Sedin.
15:20 of 3rd period - Shot Misses the Net.
15:25 of 3rd period - Shot by Daniel Sedin.
15:25 of 3rd period - Shot Misses the Net.
15:36 of 3rd period - Shot by Olli Jokinen.
15:36 of 3rd period - Stopped by Robert Esche without a rebound.
15:37 of 3rd period - Michal Handzus wins face-off versus Steve Reinprecht in Flyers zone.
15:46 of 3rd period - Shot by Mike Johnson.
15:46 of 3rd period - Shot Misses the Net.
15:47 of 3rd period - Shot by Mathieu Dandenault.
15:47 of 3rd period - Stopped by Robert Esche without a rebound.
15:48 of 3rd period - Steve Reinprecht wins face-off versus Peter Forsberg in Flyers zone.
15:48 of 3rd period - Mike Johnson is hit by J.P. Dumont and loses puck.
16:12 of 3rd period - Shot by Simon Gagne.
16:12 of 3rd period - Stopped by Roberto Luongo without a rebound.
16:13 of 3rd period - Olli Jokinen wins face-off versus Michal Handzus in Canadiens zone.
16:24 of 3rd period - Shot by Geoff Sanderson.
16:24 of 3rd period - Stopped by Roberto Luongo without a rebound.
16:25 of 3rd period - R.J. Umberger wins face-off versus Dave Scatchard in Canadiens zone.
16:26 of 3rd period - Shot by Randy Robitaille.
16:26 of 3rd period - Goal by Randy Robitaille - Flyers : 3 - Canadiens : 3.
16:27 of 3rd period - Michal Handzus wins face-off versus Shane Doan in neutral zone.
17:29 of 3rd period - Major Penalty to Alexei Yashin for Kneeing.
17:30 of 3rd period - Henrik Sedin wins face-off versus Peter Forsberg in Canadiens zone.
18:05 of 3rd period - Shot by Henrik Sedin.
18:05 of 3rd period - Stopped by Robert Esche without a rebound.
18:06 of 3rd period - Peter Forsberg wins face-off versus Shane Doan in Flyers zone.
19:45 of 3rd period - Shot by Daniel Sedin.
19:45 of 3rd period - Shot Misses the Net.

Overtime #1

0:01 of 1st overtime period - Michal Handzus wins face-off versus Olli Jokinen in neutral zone.
1:18 of 1st overtime period - Shot by Daniel Sedin.
1:18 of 1st overtime period - Stopped by Robert Esche without a rebound.
1:19 of 1st overtime period - Peter Forsberg wins face-off versus Henrik Sedin in Flyers zone.
1:25 of 1st overtime period - Icing by Daniel Sedin.
1:26 of 1st overtime period - Peter Forsberg wins face-off versus Henrik Sedin in Canadiens zone.
3:04 of 1st overtime period - Off-side.
3:05 of 1st overtime period - Olli Jokinen wins face-off versus Tomas Holmstrom in neutral zone.
4:54 of 1st overtime period - Shot by Steve Reinprecht.
4:54 of 1st overtime period - Shot Misses the Net.
4:55 of 1st overtime period - Shot by Steve Reinprecht.
4:55 of 1st overtime period - Shot Misses the Net.
4:56 of 1st overtime period - Shot by Dave Scatchard.
4:56 of 1st overtime period - Shot Misses the Net.
4:59 of 1st overtime period - Shot by Steve Reinprecht.
4:59 of 1st overtime period - Shot Misses the Net.

ShootOut

ShootOut - Penalty Shot by Simon Gagne for Flyers.
ShootOut - Goal by Simon Gagne.
ShootOut - Penalty Shot by Olli Jokinen for Canadiens.
ShootOut - Stopped by Robert Esche.
ShootOut - Penalty Shot by Mike Knuble for Flyers.
ShootOut - Stopped by Roberto Luongo.
ShootOut - Penalty Shot by Shane Doan for Canadiens.
ShootOut - Goal by Shane Doan.
ShootOut - Penalty Shot by Alexei Yashin for Flyers.
ShootOut - Goal by Alexei Yashin.
ShootOut - Penalty Shot by Henrik Sedin for Canadiens.
ShootOut - Shot Misses the Net.


Output by the SimonT Hockey Simulator (STHS) for Stephane Roy -- Original Page W3C XHTML 1.0 Valid